 Dungeon Crawl Stone Soup version 0.30-a0-1070-gd49b78fada (webtiles) character file.

Game seed: 16339689443101316892

3423 Sku the Thaumaturge (level 10, -2/67 HPs)
             Began as a Djinni Hedge Wizard on Apr 13, 2023.
             Was a Priest of Ashenzari.
             Killed from afar by a steam dragon (5 damage)
             ... with a ball of steam
             ... on level 8 of the Dungeon.
             The game lasted 02:41:57 (8552 turns).

Sku the Thaumaturge (Djinni Hedge Wizard)           Turns: 8552, Time: 02:42:06

Health: -2/67      AC:  9    Str: 11    XL:     10   Next: 25%
Gold:   300        EV: 14    Int: 24    God:    Ashenzari [***...] SH:  0 Dex: 17

rFire   + + +      SeeInvis +    l - staff of fire "Ibuihew" {*Corrode rF+ rN+ Int+7 Dex+3}
rCold   . . .      Faith    .    (no shield)
rNeg    + . .      Spirit   .    A - +2 robe "Orthodoxy of Ashenzari" {rC+ rF+, Fort, Melee} (curse)
rPois   ∞          Reflect  .    u - +0 helmet
rElec   .          Rampage  .    J - +2 cloak "Negation of Ashenzari" {Self, Fort} (curse)
rCorr   .          Clarity  +    v - +0 pair of gloves
Will    +....                    (boots unavailable)
Stlth   +++                      w - amulet "I Knew You'd Do That" {Regen+, Fort, Evo} (curse)
HPRegen 1.11/turn                B - ring "Overhang to Understand" {SInv, Melee, Cun} (curse)
MPRegen 0.00/turn                (no ring)

@: flying
A: sickness immunity, fire resistance 2, cold vulnerability 1, float, innate
caster, HP casting, extra vitality 1
a: Renounce Religion, Shatter the Chains


You were on level 8 of the Dungeon.
You worshipped Ashenzari.
Ashenzari was most pleased with you.
You visited 2 branches of the dungeon, and saw 10 of its levels.

You collected 400 gold pieces.
You spent 100 gold pieces at shops.

Inventory:

Hand Weapons
 d - a +0 sling
 h - a +2 whip of venom
 t - a +1 vampiric rapier
 C - a +0 short sword of draining
 F - a +0 shortbow
 K - a +3 mace of protection
 N - the +8 mace of Ettycsie {elec, Will+ Str+2 Int+3}
   (You took it off a kobold brigand on level 8 of the Dungeon)

   Str:       It affects your strength (+2).
   Int:       It affects your intelligence (+3).
   Will:      It increases your willpower.
Missiles
 a - a throwing net
 f - 46 stones
 j - 44 poisoned darts
 o - 3 curare-tipped darts (quivered)
 s - 6 javelins
 H - 3 boomerangs
Armour
 c - a +0 hat
 q - a scarf of invisibility
 u - a +0 helmet (worn)
 v - a +0 pair of gloves (worn)
 A - the cursed +2 robe "Orthodoxy of Ashenzari" (worn) {rC+ rF+, Fort, Melee}
   (You took it off Sigmund on level 3 of the Dungeon)

   It has a curse which improves the following skills: Fortitude: Armour and
   Shields.
   Melee Combat: Short Blades, Long Blades, Axes, Maces & Flails, Polearms,
   Staves and Unarmed Combat.
 J - the cursed +2 cloak "Negation of Ashenzari" (worn) {Self, Fort}
   (You found it on level 5 of the Dungeon)

   It has a curse which improves the following skills: Introspection: Fighting
   and Spellcasting.
   Fortitude: Armour and Shields.
Magical Staves
 b - a staff of earth
 l - the staff of fire "Ibuihew" (weapon) {*Corrode rF+ rN+ Int+7 Dex+3}
   (You acquired it on level 6 of the Dungeon)

   [staff of fire]

   Your inability to study Fire Magic prevents you from drawing on the full
   power of this staff in melee.
   Base accuracy: +5 Base damage: 5 Base attack delay: 1.2 This weapon's minimum
   attack delay (0.6) is reached at skill level 12.
   Int:       It affects your intelligence (+7).
   Dex:       It affects your dexterity (+3).
   rF:        It protects you from fire.
   rN:        It protects you from negative energy.
   *Corrode:  It may corrode you when you take damage.
   It falls into the 'Staves' category.
   It is a one-handed weapon.
Jewellery
 w - the cursed amulet "I Knew You'd Do That" (around neck) {Regen+, Fort, Evo}
   (You found it on level 3 of the Dungeon)

   [amulet of regeneration]

   Regen:     It increases your rate of health regeneration.
   It has a curse which improves the following skills: Fortitude: Armour and
   Shields.
   Evocations: Evocations.
 B - the cursed ring "Overhang to Understand" (left hand) {SInv, Melee, Cun}
   (You took it off a gnoll on level 4 of the Dungeon)

   [ring of see invisible]

   SInv:      It lets you see invisible.
   It has a curse which improves the following skills: Melee Combat: Short
   Blades, Long Blades, Axes, Maces & Flails, Polearms, Staves and Unarmed
   Combat.
   Cunning:   Dodging and Stealth.
Wands
 p - a wand of mindburst (18)
 L - a wand of flame (6)
Scrolls
 e - 2 scrolls of torment
 i - a scroll of silence
 r - 2 scrolls of fear
 x - 5 scrolls of teleportation
 y - 2 scrolls of blinking
 z - a scroll of fog
 E - a scroll of poison
 P - a scroll of enchant weapon
Potions
 g - a potion of haste
 k - a potion of mutation
 m - 2 potions of degeneration
 n - 2 potions of resistance
 D - 2 potions of attraction
 G - 3 potions of curing
 I - a potion of lignification
 O - a potion of might


   Skills:
 + Level 2.7(4.0) Fighting
 + Level 3.7 Ranged Weapons
 + Level 2.1 Throwing
 + Level 3.5(4.9) Dodging
 + Level 2.9(4.2) Stealth
 + Level 9.4(11.0) Spellcasting


You knew the following spells:

 Your Spells              Type           Power      Damage    Failure   Level
a - Magic Dart            Conj           100%       1d8       1%          1
b - Slow                  Hex            100%       N/A       1%          1
c - Blink                 Tloc           100%       N/A       1%          2
d - Call Imp              Summ           100%       N/A       1%          2
e - Mephitic Cloud        Conj/Pois/Air  60%        N/A       1%          3
f - Freeze                Ice            100%       1d10      1%          1
g - Scorch                Fire           100%       2d9       1%          2
h - Static Discharge      Conj/Air       100%       2-7/arc   1%          2
i - Cause Fear            Hex            30%        N/A       1%          4
Your spell library was empty.

Dungeon Overview and Level Annotations

Branches:
Dungeon (9/15)             Temple (1/1) D:4
   Lair: D:8-11         Orc: D:9-12

Altars:
Ashenzari
Cheibriados
Elyvilon
Hepliaklqana
Makhleb
Nemelex Xobeh
Qazlal
Ru
Trog
Uskayaw
Wu Jian
Xom
Yredelemnul
The Shining One

Shops:
D:2 *[!!


Innate Abilities, Weirdness & Mutations

You are immune to sickness and miasma.
You are immune to poison.
Your flesh is very heat resistant. (rF++)
You are vulnerable to cold. (rC-)
You float through the air rather than walking.
You learn spells naturally, not from books.
Your magical power is your life essence.
You have superior vitality. (+4 MHP)


Message History

The orc warrior misses you.
An orc comes into view. It is wielding a +0 club.
The orc warrior attacks as you move away!
The orc warrior hits you but does no damage.
The orc warrior hits you with a +0 war axe of electrocution.
The orc warrior attacks as you move away!
The orc warrior hits you with a +0 war axe of electrocution!
You are electrocuted!
* * * LOW HITPOINT WARNING * * *
The orc priest casts a cantrip, but nothing happens.
The orc warrior attacks as you move away!
The orc warrior hits you with a +0 war axe of electrocution!
* * * LOW HITPOINT WARNING * * *
You feel much better.
The orc warrior hits you with a +0 war axe of electrocution.
* * * LOW HITPOINT WARNING * * *
Found 14 gold pieces.
There is a stone staircase leading up here.
The orc priest casts a cantrip, but nothing happens.
The orc warrior hits you but does no damage.
The steam dragon bites you.
* * * LOW HITPOINT WARNING * * *
The steam dragon misses you.
You fly upwards.
There is a stone staircase leading down here.
You feel better. The steam dragon bites you. The steam dragon misses you.
The orc warrior hits you but does no damage.
The steam dragon breathes steam at you. The ball of steam hits you. You resist.
The orc warrior hits you with a +0 war axe of electrocution.
The orc warrior is engulfed in a cloud of scalding steam.
The orc warrior is engulfed in a cloud of scalding steam.
The orc warrior misses you.
The orc warrior attacks as you move away!
The orc warrior hits you with a +0 war axe of electrocution!
You are electrocuted!!
* * * LOW HITPOINT WARNING * * *
The steam dragon breathes steam at you. The ball of steam hits you. You resist.
You die...

......##.####..#............# ###
....#.........##.##....##..## #
.......#.######..##.#..##.## ##
.....#.#.##########.#..>§.# #.
....##.#.##...........##### #.
....##.#....######...## #.
....##.#..### ##.oD## #.
...........#####.§§## #.
.##....###.<....@############ #
###.>..#########...?........#####
#.....## ############....[)
###...#..## ####### #...#.....#
..######..### #.# #....#### #.#
#..[....# #.# #.......#


You could see a steam dragon (catching breath) and an orc warrior.

Vanquished Creatures
  Sigmund (D:3)
  5 yaks (D:8)
  2 ice beasts
  A water moccasin (D:6)
  An orc warrior (D:8)
  An ogre (D:4)
  2 centaurs
  3 kobold brigands
  2 necrophages (D:8)
  A scorpion (D:5)
  3 wights (D:8)
  2 hounds
  A gnoll bouda (D:3)
  A human zombie (D:8)
  3 orc priests
  A sleepcap (D:6)
  An iguana (D:6)
  6 orc wizards
  A killer bee zombie (D:8)
  2 mummies (D:8)
  3 adders
  18 gnolls
  3 white imps
  An ufetubus (D:5)
  A worm (D:2)
  4 dart slugs
  26 orcs
  6 bats
  6 endoplasms
  3 giant cockroaches
  11 goblins
  4 hobgoblins
  2 jackals (D:2)
  4 quokkas
  11 ball pythons
  3 frilled lizards
  19 kobolds
165 creatures vanquished.

Vanquished Creatures (collateral kills)
  A yak (D:8)
  A kobold brigand (D:9)
  A gnoll sergeant (D:6)
  A howler monkey (D:8)
  2 sleepcaps
  3 orc wizards
  2 mummies (D:8)
  Robin (D:3)
  A howler monkey zombie (D:8)
  A gnoll (D:3)
  2 adders
  7 orcs
  2 ball pythons
  A giant cockroach (D:4)
  3 goblins (D:3)
  3 hobgoblins
  2 jackals (D:2)
  A quokka (D:3)
  2 frilled lizards (D:3)
  3 kobolds (D:9)
  A rat (D:3)
41 creatures vanquished.

Vanquished Creatures (others)
  A white imp (D:7)
1 creature vanquished.

Grand Total: 207 creatures vanquished

Notes
Turn   | Place    | Note
-------+----------+-------------------------------------------
     0 | D:1      | Sku the Djinni Hedge Wizard began the quest for the Orb.
     0 | D:1      | Sku set off with the following spells memorised: Magic
                  | Dart, Slow, Blink, Call Imp, Mephitic Cloud.
     0 | D:1      | Reached XP level 1. HP: 15/15 MP: 0/0
   228 | D:1      | Reached XP level 2. HP: 15/21 MP: 0/0
   989 | D:2      | Found Omieta's Distillery.
  1102 | D:2      | Reached skill level 3 in Spellcasting
  1102 | D:2      | Reached XP level 3. HP: 19/25 MP: 0/0
  1102 | D:2      | Learned a level 1 spell: Freeze
  1310 | D:2      | Found Bennewk's Assorted Antiques.
  1320 | D:2      | Bought a scroll labelled FEAZXOOKHLA for 25 gold pieces
  1465 | D:2      | Found a faded altar of an unknown god.
  1504 | D:2      | Reached skill level 1 in Ranged Weapons
  1577 | D:2      | Found Habboh's Antique Armour Shop.
  1592 | D:2      | Found Jeonnix's Distillery.
  1722 | D:2      | Reached XP level 4. HP: 31/31 MP: 0/0
  2244 | D:3      | Noticed Sigmund
  2331 | D:2      | Bought a scroll labelled ORUXEF HIAG for 25 gold pieces
  3077 | D:3      | Reached skill level 1 in Fighting
  3102 | D:3      | Reached XP level 5. HP: 31/37 MP: 0/0
  3102 | D:3      | Learned a level 2 spell: Scorch
  3160 | D:3      | Noticed Robin
  3234 | D:3      | Killed Robin
  3499 | D:3      | Found a shimmering altar of Xom.
  3574 | D:2      | Bought a scroll of identify for 50 gold pieces
  3744 | D:3      | Killed Sigmund
  3745 | D:3      | Reached skill level 4 in Spellcasting
  3745 | D:3      | Reached XP level 6. HP: 34/42 MP: 0/0
  4055 | D:4      | Reached XP level 7. HP: 46/47 MP: 0/0
  4055 | D:4      | Learned a level 2 spell: Static Discharge
  4222 | D:4      | Found a staircase to the Ecumenical Temple.
  4300 | D:4      | Found a burning altar of Makhleb.
  4435 | Temple   | Entered the Ecumenical Temple
  4598 | Temple   | Became a worshipper of Ashenzari the Shackled
  4860 | D:5      | Entered Level 5 of the Dungeon
  4961 | D:5      | Reached skill level 5 in Spellcasting
  5267 | D:5      | Reached XP level 8. HP: 51/53 MP: 0/0
  5469 | D:5      | Reached skill level 6 in Spellcasting
  6195 | D:6      | Reached skill level 7 in Spellcasting
  6195 | D:6      | Reached XP level 9. HP: 48/58 MP: 0/0
  6195 | D:6      | Learned a level 4 spell: Cause Fear
  6251 | D:6      | Reached * piety under Ashenzari
  6256 | D:6      | Acquired the staff of fire "Ibuihew" {*Corrode rF+ rN+
                  | Int+7 Dex+3}
  7142 | D:7      | Reached ** piety under Ashenzari
  7251 | D:7      | You are sucked into a shaft and drop 1 floor!
  7459 | D:8      | Reached skill level 8 in Spellcasting
  7460 | D:8      | Reached skill level 1 in Throwing
  7643 | D:8      | Reached XP level 10. HP: 63/65 MP: 0/0
  7707 | D:8      | Reached skill level 9 in Spellcasting
  7837 | D:8      | Identified the +8 mace of Ettycsie {elec, Will+ Str+2
                  | Int+3}
  8047 | D:8      | Found a hide-covered altar of Uskayaw.
  8076 | D:8      | Reached *** piety under Ashenzari
  8552 | D:8      | HP: 2/67 [orc warrior/+0 war axe of electrocution (20)]
  8552 | D:8      | Killed from afar by a steam dragon

Illustrated notes

Levels and vault maps discovered:
D:1:      matt_arrival_spirals, layout_loops_ring
D:2:      layout_loops_ring, shapermc_ecumenical_altar_mp_vishouse,
          serial_shops, nicolae_shop_stone, shop, nicolae_shop_trees, shop,
          chequers_serial_rivers_micro_d, nrook_uturn
D:3:      layout_basic, led_sif_pool, lemuel_round_altar, uniq_robin,
          uniq_sigmund
D:4:      layout_rooms, mainiacjoe_overflow_cross_hatched,
          minmay_temple_entry_tees
D:5:      layout_basic, kennysheep_generic_room_8
D:6:      layout_layer_cave, grunt_decor_one_mirror, minmay_misc_feat_diagonals,
          minmay_misc_feat_iff
D:7:      layout_basic, mainiacjoe_overflow_brackets,
          mainiacjoe_overflow_alcove_1
D:8:      layout_rooms, lemuel_doored_altar,
          lemuel_mausoleum_altar_kikubaaqudgha
D:9:      layout_cross, gammafunk_ghost_stat_death
Temple:   nicolae_temple_bog_church

Skill      XL: |  1  2  3  4  5  6  7  8  9 10 |
---------------+-------------------------------+-----
Spellcasting   | 3 4 5 7 8 9 |  9.4
Ranged Weapons | 1 2 3 |  3.7
Fighting       | 1 2 |  2.7
Stealth        | 2 |  2.9
Dodging        | 3 |  3.5
Throwing       | 1 2 |  2.1

Action                     |  1- 3 |  4- 6 |  7- 9 | 10-12 || total
---------------------------+-------+-------+-------+-------++-------
  Melee: Staff             |       |       |    11 |    21 ||    32
   Fire: Sling             |    60 |    56 |    50 |       ||   166
  Throw: Boomerang         |       |       |    19 |    14 ||    33
         Dart              |       |       |       |     2 ||     2
   Cast: Magic Dart        |    37 |    19 |       |       ||    56
         Slow              |     2 |     2 |       |       ||     4
         Call Imp          |     7 |    17 |    30 |     2 ||    56
         Scorch            |       |    31 |   171 |    52 ||   254
 Invoke: Curse Item        |       |       |     3 |     1 ||     4
    Use: Scroll            |     3 |     2 |     4 |       ||     9
         Potion            |       |     4 |     1 |     2 ||     7
   Stab: Sleeping          |       |       |     1 |       ||     1
 Armour: Robe              |     9 |     9 |    22 |    11 ||    51
  Dodge: Dodged            |    21 |    35 |    76 |    29 ||   161

Table legend: (Time is in decaauts)
 A = Elapsed time spent in this place.
 B = Non-inter-level travel time spent in this place.
 C = Inter-level travel time spent in this place.
 D = Time resting spent in this place.
 E = Time spent auto-exploring this place.
 F = Levels seen in this place.
 G = Mean time per level.
                   A        B        C        D        E       F      G
               +--------+--------+--------+--------+--------+-----+--------+
         Total |   8584 |   8584 |      0 |    444 |      0 |  10 |  858.4 |
       Dungeon |   8397 |   8397 |      0 |    444 |      0 |   9 |  933.0 |
        Temple |    186 |    186 |      0 |      0 |      0 |   1 |  186.0 |
               +--------+--------+--------+--------+--------+-----+--------+

Top non-repeatable levels by time:
     D:3: 1785 daAuts
     D:2: 1273 daAuts
     D:6: 1135 daAuts
     D:1: 991 daAuts
     D:8: 989 daAuts
     D:5: 776 daAuts
     D:4: 665 daAuts
     D:7: 476 daAuts
     D:9: 304 daAuts
  Temple: 186 daAuts
